 Dungeon Crawl Stone Soup version 0.31-a0-521-gc7390f8997 (webtiles) character file.

Game seed: 8504006273072664269

131 Ofeo the Shooter (level 5, -2/28 (41) HPs)
             Began as a Formicid Hunter on Aug 10, 2023.
             Slain by a kobold brigand
             ... wielding a +2 dagger of draining
              (4 damage)
             ... on level 3 of the Dungeon.
             The game lasted 00:01:50 (2279 turns).

Ofeo the Shooter (Formicid Hunter)                  Turns: 2279, Time: 00:01:51

HP:   -2/28 (41)    AC:  5    Str: 15 (16) XL:     5   Next: 37%
MP:   5/5           EV: 11    Int:  5 (8)  God:
Gold: 99            SH:  0    Dex: 17 (19) Spells: 4/4 levels left

rFire   . . .        a - +0 shortbow
rCold   . . .        (no shield)
rNeg    . . .        f - +0 ring mail
rPois   .            (helmet unavailable)
rElec   .            (no cloak)
rCorr   .            (no gloves)
SInv    +            (no boots)
Will    .....        (no amulet)
Stlth   ++           (no ring)
HPRegen 0.24/turn    (no ring)
MPRegen 0.09/turn

%: no passive effects
@: very heavily drained, invisible
A: permanent stasis, dig shafts and tunnels, antennae 3, four strong arms
a: Dig, Shaft Self


You were on level 3 of the Dungeon.
You visited 1 branch of the dungeon, and saw 3 of its levels.

You collected 99 gold pieces.

Inventory:

Hand Weapons
 a - a +0 shortbow (weapon)
Armour
 c - a +0 leather armour
 f - a +0 ring mail (worn)
Talismans
 l - a beast talisman
Scrolls
 b - a scroll of butterflies
 i - a scroll of fog {unknown}
Potions
 d - a potion of berserk rage {unknown}
 e - 4 potions of degeneration
 h - a potion of curing {unknown}
 j - a potion of haste {unknown}
 k - a potion of heal wounds {unknown}


   Skills:
 - Level 3.0 Fighting
 + Level 4.8 Ranged Weapons
 - Level 2.4 Dodging
 - Level 2.7 Stealth
 + Level 1.3 Shapeshifting


You had 4 spell levels left.
You didn't know any spells.
Your spell library contained the following spells:

 Spells                   Type           Power      Damage    Failure   Level
 Scorch                   Fire           0%         2d5       85%         2
 Static Discharge         Conj/Air       0%         2-2/arc   85%         2
 Airstrike                Air            0%         2d(0-16)  100%        4
 Flame Wave               Conj/Fire      0%         2d4       100%        4
 Summon Lightning Spire   Summ/Air       0%         N/A       100%        4
 Summon Cactus Giant      Summ           0%         N/A       100%        6


Dungeon Overview and Level Annotations

Branches:
Dungeon (3/15)

Altars:


Innate Abilities, Weirdness & Mutations

You cannot be hasted, slowed, berserked, paralysed or teleported.
You can dig through walls and to a lower floor.
You have a pair of large antennae on your head. (SInv)
Your four strong arms can wield two-handed weapons with a shield.


Message History

The arrow barely misses the kobold brigand.
The kobold brigand hits you but does no damage.
You feel drained.
The kobold brigand hits you with a +2 dagger of draining.
You feel drained.
You take 3 damage, and have 32/38 hp.
It was a potion of degeneration.
There was something very wrong with that liquid.
You feel weakened.
You feel dopey.
You feel clumsy.
e - 4 potions of degeneration;
d - a lumpy inky potion The kobold brigand hits you with a +2 dagger of draining.
You feel drained.
The kobold brigand hits you with a +2 dagger of draining.
You feel drained.
You take 6 damage, and have 26/35 hp.
You shoot an arrow. The arrow hits the kobold brigand.
The kobold brigand is heavily wounded.
The kobold brigand hits you with a +2 dagger of draining.
You feel drained.
The kobold brigand hits you but does no damage.
You feel drained.
You take 6 damage, and have 20/33 hp.
You shoot an arrow. The arrow misses the kobold brigand.
The kobold brigand closely misses you.
The kobold brigand hits you with a +2 dagger of draining!
You feel drained.
The kobold brigand hits you with a +2 dagger of draining!
* * * LOW HITPOINT WARNING * * *
You feel drained.
* * * LOW HITPOINT WARNING * * *
The kobold brigand hits you with a +2 dagger of draining.
* * * LOW HITPOINT WARNING * * *
You feel drained.
You take 19 damage, and have 1/28 hp.
MASSIVE DAMAGE!!
It was a potion of invisibility.
You fade into invisibility!
The kobold brigand barely misses you.
The kobold brigand completely misses you.
The kobold brigand hits you with a +2 dagger of draining.
You die...

....# ####### ....# #.....#
.... ..... #..., #####
..####~≈≈### #.#~~~~≈~~~###
#.##~~~~~~~~~#
#K....~~~###.# #. #.#K@..###
#.# ... #.#.#..#####.#
#.#####)#.#......#.#
...>.#)#.#..###.#.#
....#.#.#..# #.#.#
####..#......# #.#.####
#.....#)#.#.## #.#....#
<.#..#....#.#.####.#.#..###
...........<................


You could see 2 kobold brigands.

Vanquished Creatures
  Jessica (D:3)
  Terence (D:3)
  4 adders
  2 worms (D:2)
  3 dart slugs
  An endoplasm (D:2)
  3 giant cockroaches
  3 goblins
  3 hobgoblins (D:3)
  2 jackals (D:2)
  A quokka (D:1)
  3 ball pythons
  2 bats
  A frilled lizard (D:2)
  7 kobolds (D:3)
  A rat (D:1)
38 creatures vanquished.

Notes
Turn   | Place    | Note
-------+----------+-------------------------------------------
     0 | D:1      | Ofeo the Formicid Hunter began the quest for the Orb.
     0 | D:1      | Reached XP level 1. HP: 16/16 MP: 1/1
   494 | D:1      | Reached XP level 2. HP: 23/23 MP: 2/2
   952 | D:2      | Reached XP level 3. HP: 28/28 MP: 3/3
  1759 | D:2      | Reached XP level 4. HP: 34/34 MP: 4/4
  2133 | D:3      | Noticed Terence
  2136 | D:3      | Noticed Jessica
  2138 | D:3      | Killed Terence
  2145 | D:3      | Reached XP level 5. HP: 41/41 MP: 5/5
  2150 | D:3      | Killed Jessica
  2151 | D:3      | Reached skill level 1 in Shapeshifting
  2266 | D:3      | Noticed a kobold brigand
  2269 | D:3      | Noticed a kobold brigand
  2277 | D:3      | HP: 1/29 [kobold brigand/+2 dagger of draining (1)]
  2279 | D:3      | Slain by a kobold brigand

Illustrated notes

Levels and vault maps discovered:
D:1:      dpeg_arrival_signposts, layout_loops_ring
D:2:      layout_loops_corners
D:3:      cheibrodos_thug_alley, layout_loops_ring, gammafunk_ghost_mausoleum,
          minmay_bisected, uniq_terence, uniq_jessica

Skill      XL: |  1  2  3  4  5 |
---------------+----------------+-----
Dodging        | 2 |  2.4
Stealth        | 2 |  2.7
Fighting       | 3 |  3.0
Shapeshifting  | 1 |  1.3
Ranged Weapons | |  4.8

Action                     |  1- 3 |  4- 6 || total
---------------------------+-------+-------++-------
   Fire: Shortbow          |    58 |    64 ||   122
    Use: Potion            |       |     2 ||     2
 Armour: Ring mail         |     3 |    13 ||    16
  Dodge: Dodged            |    18 |    34 ||    52

Table legend: (Time is in decaauts)
 A = Elapsed time spent in this place.
 B = Non-inter-level travel time spent in this place.
 C = Inter-level travel time spent in this place.
 D = Time resting spent in this place.
 E = Time spent auto-exploring this place.
 F = Levels seen in this place.
 G = Mean time per level.
                   A        B        C        D        E       F      G
               +--------+--------+--------+--------+--------+-----+--------+
         Total |   2316 |   2197 |    119 |     75 |   1851 |   3 |  772.0 |
       Dungeon |   2316 |   2197 |    119 |     75 |   1851 |   3 |  772.0 |
               +--------+--------+--------+--------+--------+-----+--------+

Top non-repeatable levels by time:
     D:2: 1064 daAuts
     D:1: 928 daAuts
     D:3: 323 daAuts
